 Dungeon Crawl Stone Soup version 0.31.0-11-ge490571c62 (webtiles) character file.

Game seed: 704184888043152585

188 Rassilon the Insei (level 5, -6/63 HPs)
             Began as a Demonspawn Monk on Jan 30, 2024.
             Was a Priest of Wu Jian.
             Mangled by a bullfrog (8 damage)
             ... in a sewer.
             The game lasted 00:16:30 (2535 turns).

Rassilon the Insei (Demonspawn Monk)                Turns: 2535, Time: 00:16:30

Health: -6/63      AC:  3    Str: 12    XL:     5   Next: 39%
Magic:  6/6        EV: 16    Int: 10    God:    Wu Jian [***...]
Gold:   60         SH:  0    Dex: 17    Spells: 5/6 levels left

rFire   . .          .
                       - Unarmed
rCold   . . .        (no shield)
rNeg    . . .        a - +0 robe
rPois   .            e - +0 helmet
rElec   .            (no cloak)
rCorr   .            (no gloves)
SInv    .            (no boots)
Will    .....        (no amulet) Stlth
                     (no ring)
HPRegen 0.30/turn    (no ring)
MPRegen 0.10/turn

%: no passive effects
@: berserking, very quick
A: repulsion field 2, powered by death 1, demonic touch 1
a: Renounce Religion, Wall Jump, Serpent's Lash


You were in a sewer.
You worshipped Wu Jian.
Wu Jian was most pleased with you.
You visited 1 branch of the dungeon, and saw 4 of its levels.
You also visited: Sewer.

You collected 138 gold pieces.
You spent 78 gold pieces at shops.

Inventory:

Armour
 a - a +0 robe (worn)
 e - a +0 helmet (worn)
Jewellery
 i - a ring of see invisible
Scrolls
 f - a scroll of fear
 h - a scroll of fog
 k - a scroll of amnesia {unknown}
 l - a scroll of enchant weapon
 o - a scroll of identify
 p - a scroll of blinking
 q - a scroll of revelation {unknown}
Potions
 b - a potion of ambrosia
 c - a potion of berserk rage
 d - a potion of curing {unknown}
 g - a potion of resistance {unknown}
 j - 3 potions of attraction {unknown}
 m - a potion of might {unknown}
 n - a potion of magic {unknown}


   Skills:
 + Level 4.0 Fighting
 + Level 3.4 Dodging
 * Level 4.2 Unarmed Combat
 + Level 1.1 Spellcasting


You had 5 spell levels left.
You knew the following spells:

 Your Spells              Type           Power      Damage    Failure   Level
a - Slow                  Hex            0%         N/A       34%         1

Your spell library contained the following spells:

 Spells                   Type           Power      Damage    Failure   Level
 Confusing Touch          Hex            0%         N/A       71%         3
 Fugue of the Fallen      Necr           0%         N/A       71%         3
 Ozocubu's Armour         Ice            0%         N/A       71%         3
 Sigil of Binding         Hex            0%         N/A       71%         3
 Vampiric Draining        Necr           0%         2d6       71%         3
 Manifold Assault         Tloc           0%         N/A       98%         4


Dungeon Overview and Level Annotations

Branches:
Dungeon (4/15)              Sewer (1/1)
 Temple: D:4-7

Altars:
Nemelex Xobeh
Okawaru
Qazlal
Wu Jian

Shops:
D:4 *?


Innate Abilities, Weirdness & Mutations

You are surrounded by a moderate repulsion field. (EV +3)
You regenerate a little health from kills.
Your touch may inflict minor irresistible damage on your foes.


Message History

The bullfrog hits you. The bullfrog hits you!
You spin and attack the bullfrog.
You barely miss the bullfrog.
The bullfrog is heavily wounded.
You spin and attack the ball python.
You hit the ball python.
The ball python is severely wounded.
The ball python barely misses you. The ball python closely misses you.
The bullfrog completely misses you.
You spin and attack the bullfrog.
You barely miss the bullfrog.
You touch the bullfrog!
The bullfrog is heavily wounded.
The bullfrog barely misses you. The bullfrog closely misses you.
The bullfrog hits you.
* * * LOW HITPOINT WARNING * * *
The ball python closely misses you. The ball python barely misses you.
A red film seems to cover your vision as you go berserk!
You feel yourself moving faster!
You feel mighty! The bullfrog hits you.
* * * LOW HITPOINT WARNING * * *
The bullfrog hits you.
* * * LOW HITPOINT WARNING * * *
The ball python closely misses you. x2
You punch the ball python!
You kill the ball python!
The Council accepts your kill. The bullfrog closely misses you.
The bullfrog hits you.
* * * LOW HITPOINT WARNING * * *
Your Fighting skill increases to level 4!
You hit the bullfrog. Your punch misses the bullfrog.
The bullfrog is severely wounded.
The bullfrog hits you.
* * * LOW HITPOINT WARNING * * *
The bullfrog hits you.
* * * LOW HITPOINT WARNING * * *
You completely miss the bullfrog.
The bullfrog is heavily wounded.
The bullfrog barely misses you.
The bullfrog hits you but does no damage.
You miss the bullfrog.
The bullfrog is heavily wounded.
The bullfrog misses you. The bullfrog hits you!
You die...

####
...##
######
....##
##....##
.....#
+......#
.....##
#...@..#
......#
#..FF..#
#~~.~.#
##~.~.##
~~~~~≈#
#≈≈#~†~#
≈≈≈~~≈#
#≈~~≈≈~#
≈≈~~~≈#
#≈~~~~≈#
≈≈≈~≈≈#
#≈≈~~≈≈#
~~~~≈≈#
#≈~≈~#~#
~≈~~≈≈#
#≈≈≈≈~≈#


You could see 2 bullfrogs.

Vanquished Creatures
  An iguana (D:4)
  5 adders
  A river rat (Sewer)
  2 ufetubi (D:4)
  2 ribbon worms
  17 ball pythons
  A bat (D:2)
  5 endoplasms
  9 giant cockroaches
  2 goblins (D:3)
  8 hobgoblins
  5 jackals
  3 kobolds
  4 quokkas
  5 frilled lizards
  28 rats
98 creatures vanquished.

Notes
Turn   | Place    | Note
-------+----------+-------------------------------------------
     0 | D:1      | Rassilon the Demonspawn Monk began the quest for the Orb.
     0 | D:1      | Reached XP level 1. HP: 18/18 MP: 1/1
   186 | D:1      | Gained mutation: You regenerate a little health from kills.
                  | [demonic ancestry]
   186 | D:1      | Reached XP level 2. HP: 19/24 MP: 2/2
   837 | D:2      | Gained mutation: You are surrounded by a mild repulsion
                  | field. (EV +2) [demonic ancestry]
   837 | D:2      | Reached XP level 3. HP: 24/29 MP: 3/3
  1474 | D:3      | Found a sparkling altar of Nemelex Xobeh.
  1476 | D:3      | Found a stormy altar of Qazlal.
  1478 | D:3      | Found an ornate altar of the Wu Jian Council.
  1484 | D:3      | Became a worshipper of the Wu Jian Council
  1484 | D:3      | Reached * piety under Wu Jian
  1484 | D:3      | Reached ** piety under Wu Jian
  1766 | D:3      | Learned a level 1 spell: Slow
  1805 | D:3      | Gained mutation: Your touch may inflict minor irresistible
                  | damage on your foes. [demonic ancestry]
  1805 | D:3      | Reached XP level 4. HP: 36/36 MP: 4/4
  2033 | D:4      | Found an iron altar of Okawaru.
  2071 | D:4      | Found Irysitig's Magic Scroll Emporium.
  2074 | D:4      | Bought a scroll of fear for 56 gold pieces
  2096 | D:4      | Found Paecvey's Assorted Antiques.
  2116 | D:4      | Bought a lumpy coppery potion for 22 gold pieces
  2258 | D:4      | Found a glowing drain.
  2279 | Sewer    | Entered a sewer
  2299 | Sewer    | Gained mutation: You are surrounded by a moderate repulsion
                  | field. (EV +3) [demonic ancestry]
  2299 | Sewer    | Reached XP level 5. HP: 42/42 MP: 6/6
  2305 | Sewer    | Reached skill level 1 in Spellcasting
  2454 | Sewer    | Reached *** piety under Wu Jian
  2533 | Sewer    | HP: 1/63 [bullfrog (6)]
  2535 | Sewer    | Mangled by a bullfrog

Illustrated notes

Levels and vault maps discovered:
D:1:      lightli_arrival_boilingwater, layout_basic
D:2:      layout_loops_cross
D:3:      layout_loops_ring, chequers_temple_overflow_statue_of_worship,
          serial_rivers, chequers_serial_rivers_small_3,
          chequers_serial_rivers_small_b, chequers_serial_rivers_small_b,
          chequers_serial_rivers_small_a
D:4:      layout_gridville, mainiacjoe_overflow_paths, gup_sewer_entry_pipe,
          serial_shops, shop, nicolae_shop_rolling_square, shop,
          nicolae_shop_rolled_up, kennysheep_generic_room_12,
          uniq_crazy_yiuf_cottage, uniq_ijyb
Sewer:    sewer_minmay_w

Skill      XL: |  1  2  3  4  5 |
---------------+----------------+-----
Unarmed Combat | 3 4 |  4.2
Dodging        | 3 |  3.4
Spellcasting   | 1 |  1.1
Fighting       | 4 |  4.0

Action                     |  1- 3 |  4- 6 || total
---------------------------+-------+-------++-------
  Melee: Unarmed           |   165 |   143 ||   308
         Punch             |     5 |     2 ||     7
         Touch             |       |    18 ||    18
   Cast: Slow              |     1 |       ||     1
Ability: Lunge             |     4 |     7 ||    11
         Whirlwind         |     1 |    29 ||    30
         Wall Jump         |       |     4 ||     4
    Use: Scroll            |     3 |     7 ||    10
         Potion            |       |     1 ||     1
   Stab: Sleeping          |     3 |     1 ||     4
         Distracted        |     1 |       ||     1
 Armour: Robe              |    72 |    56 ||   128
  Dodge: Dodged            |   122 |   123 ||   245
